[ AOE2 MATCH · #505886478 ]
UnrankedGeorgians vs Incas
Player's team · LOSS
Rival team · WIN
[ REPLAY ANALYSIS · EXTRACTED FROM THE RECORDED GAME ]
Feudal
8:36
Castle
—
Imperial
—
| APM avg | 45.4 |
| APM peak | 91 |
| eAPM avg | 14.2 |
| Villagers / military | 48 / 25 |
Focus
⚔️ 35.0% · 🌾 65.0%
Skirmisher ×19 · Archer ×6
Feudal
20:07
Castle
—
Imperial
—
| APM avg | 62.6 |
| APM peak | 96 |
| eAPM avg | 37.5 |
| Villagers / military | 50 / 29 |
Focus
⚔️ 43.3% · 🌾 56.7%
Archer ×17 · Skirmisher ×12
Match map
Initial resources + every placement click. Lines = walls · curves = elevation contours. ◆ gold · ⬟ stone · ● berries · ✦ relic · ◌ wall gap
Your base· Open — 6t gap
Snootydoor8937's base· Open — 6t gap
Smoothed initial terrain · ◌ = detected wall gap · hover for details
Inputs per minute
— Arthemis - - Snootydoor8937
Build order — Arthemis
115 actions detected in the replay
| 0:02 | Queue | Villager (Male) |
| 0:02 | Queue | Villager (Male) |
| 0:04 | Build | House |
| 0:06 | Build | House |
| 0:55 | Queue | Villager (Male) |
| 0:55 | Queue | Villager (Male) |
| 1:40 | Queue | Villager (Male) |
| 2:03 | Queue | Villager (Male) |
| 2:39 | Queue | Villager (Male) |
| 3:01 | Queue | Villager (Male) |
| 3:30 | Queue | Villager (Male) |
| 3:30 | Queue | Villager (Male) |
| 4:03 | Build | House |
| 4:10 | Queue | Villager (Male) |
| 4:10 | Queue | Villager (Male) |
| 4:12 | Queue | Villager (Male) |
| 4:39 | Build | House |
| 4:44 | Build | Mill |
| 5:35 | Queue | Villager (Male) |
| 6:01 | Research | Loom |
| 6:11 | Research | Feudal Age |
| 6:51 | Queue | Villager (Male) |
| 8:36 | Age | Feudal Age |
| 8:41 | Research | Double-Bit Axe |
| 8:48 | Build | Barracks |
| 9:07 | Queue | Villager (Male) |
| 9:07 | Queue | Villager (Male) |
| 10:06 | Queue | Villager (Male) |
| 11:02 | Build | Town Center |
| 11:43 | Queue | Villager (Male) |
| 11:43 | Queue | Villager (Male) |
| 11:43 | Queue | Villager (Male) |
| 12:34 | Queue | Villager (Male) |
| 12:34 | Queue | Villager (Male) |
| 12:35 | Queue | Villager (Male) |
| 14:07 | Build | House |
| 14:18 | Queue | Villager (Male) |
| 14:18 | Queue | Villager (Male) |
| 14:18 | Queue | Villager (Male) |
| 14:19 | Queue | Villager (Male) |
| 16:07 | Build | Town Center |
| 16:49 | Build | Palisade Wall |
| 16:53 | Build | Palisade Wall |
| 16:55 | Build | Palisade Wall |
| 16:58 | Build | Palisade Wall |
| 17:03 | Build | Palisade Wall |
| 17:04 | Build | Palisade Wall |
| 17:09 | Queue | Villager (Male) |
| 17:09 | Queue | Villager (Male) |
| 17:09 | Queue | Villager (Male) |
| 17:10 | Queue | Villager (Male) |
| 17:52 | Build | Palisade Wall |
| 18:03 | Build | Archery Range |
| 18:05 | Build | Archery Range |
| 18:15 | Build | Mule Cart |
| 18:47 | Queue | Villager (Male) |
| 18:47 | Queue | Villager (Male) |
| 18:57 | Build | House |
| 19:01 | Build | House |
| 19:05 | Queue | Archer |
| 19:14 | Build | Blacksmith |
| 19:19 | Build | Farm |
| 19:20 | Build | Farm |
| 19:26 | Build | Farm |
| 19:34 | Queue | Archer |
| 20:03 | Queue | Archer |
| 20:03 | Queue | Archer |
| 20:05 | Queue | Villager (Male) |
| 20:05 | Queue | Villager (Male) |
| 20:07 | Build | Farm |
| 20:08 | Build | Farm |
| 20:35 | Queue | Archer |
| 20:35 | Queue | Archer |
| 20:58 | Queue | Villager (Male) |
| 20:58 | Queue | Villager (Male) |
| 21:02 | Queue | Villager (Male) |
| 21:11 | Research | Fletching |
| 21:41 | Queue | Skirmisher |
| 21:42 | Queue | Skirmisher |
| 22:27 | Build | House |
| 22:28 | Build | House |
| 22:28 | Build | House |
| 22:55 | Queue | Skirmisher |
| 23:06 | Build | Mill |
| 23:24 | Queue | Villager (Male) |
| 23:24 | Queue | Villager (Male) |
| 23:26 | Queue | Skirmisher |
| 23:26 | Queue | Skirmisher |
| 23:44 | Research | Padded Archer Armor |
| 23:52 | Queue | Skirmisher |
| 23:52 | Queue | Skirmisher |
| 24:06 | Queue | Villager (Male) |
| 24:07 | Queue | Skirmisher |
| 24:08 | Queue | Skirmisher |
| 24:12 | Build | Market |
| 24:44 | Build | House |
| 24:44 | Build | House |
| 24:46 | Build | House |
| 24:54 | Queue | Villager (Male) |
| 24:55 | Queue | Villager (Male) |
| 25:13 | Queue | Skirmisher |
| 25:14 | Queue | Skirmisher |
| 25:14 | Queue | Skirmisher |
| 25:14 | Queue | Skirmisher |
| 25:28 | Build | Mill |
| 25:40 | Queue | Skirmisher |
| 25:40 | Queue | Skirmisher |
| 25:41 | Queue | Villager (Male) |
| 26:18 | Queue | Skirmisher |
| 26:18 | Queue | Skirmisher |
| 26:18 | Queue | Villager (Male) |
| 26:19 | Queue | Villager (Male) |
| 26:19 | Queue | Villager (Male) |
| 26:58 | Queue | Skirmisher |
| 26:59 | Queue | Skirmisher |
Build order — Snootydoor8937
121 actions detected in the replay
| 0:02 | Queue | Villager (Male) |
| 0:02 | Queue | Villager (Male) |
| 0:03 | Build | House |
| 0:04 | Build | House |
| 0:10 | Queue | Villager (Male) |
| 0:19 | Queue | Villager (Male) |
| 1:35 | Queue | Villager (Male) |
| 2:01 | Queue | Villager (Male) |
| 2:14 | Build | Settlement |
| 2:22 | Queue | Villager (Male) |
| 2:27 | Queue | Villager (Male) |
| 2:54 | Queue | Villager (Male) |
| 3:22 | Queue | Villager (Male) |
| 3:44 | Queue | Villager (Male) |
| 4:15 | Queue | Villager (Male) |
| 4:44 | Queue | Villager (Male) |
| 5:15 | Queue | Villager (Male) |
| 5:49 | Research | Loom |
| 6:11 | Queue | Villager (Male) |
| 6:12 | Queue | Villager (Male) |
| 7:16 | Build | Town Center |
| 8:29 | Queue | Villager (Male) |
| 8:29 | Queue | Villager (Male) |
| 8:29 | Queue | Villager (Male) |
| 8:29 | Queue | Villager (Male) |
| 9:17 | Queue | Villager (Male) |
| 9:39 | Queue | Villager (Male) |
| 10:03 | Queue | Villager (Male) |
| 10:16 | Queue | Villager (Male) |
| 10:33 | Queue | Villager (Male) |
| 11:46 | Build | Town Center |
| 11:48 | Build | Town Center |
| 12:44 | Queue | Villager (Male) |
| 12:44 | Queue | Villager (Male) |
| 12:45 | Queue | Villager (Male) |
| 13:11 | Build | Settlement |
| 13:12 | Queue | Villager (Male) |
| 13:45 | Queue | Villager (Male) |
| 14:31 | Queue | Villager (Male) |
| 15:22 | Build | Farm |
| 15:22 | Build | Farm |
| 15:22 | Build | Farm |
| 15:23 | Build | Farm |
| 15:23 | Build | Farm |
| 15:23 | Build | Farm |
| 15:46 | Queue | Villager (Male) |
| 15:46 | Queue | Villager (Male) |
| 15:52 | Build | Farm |
| 16:13 | Queue | Villager (Male) |
| 16:15 | Build | Farm |
| 16:20 | Queue | Villager (Male) |
| 16:25 | Build | Farm |
| 17:03 | Build | Barracks |
| 17:09 | Build | Farm |
| 17:21 | Build | Farm |
| 17:53 | Build | Farm |
| 17:57 | Research | Feudal Age |
| 17:57 | Research | Feudal Age |
| 18:03 | Build | House |
| 18:27 | Build | Settlement |
| 19:28 | Queue | Villager (Male) |
| 19:28 | Queue | Villager (Male) |
| 20:07 | Age | Feudal Age |
| 20:11 | Build | Archery Range |
| 20:20 | Build | Blacksmith |
| 20:31 | Queue | Villager (Male) |
| 20:36 | Research | Double-Bit Axe |
| 20:39 | Research | Horse Collar |
| 20:48 | Queue | Villager (Male) |
| 20:51 | Build | Archery Range |
| 21:15 | Queue | Archer |
| 21:15 | Queue | Archer |
| 21:18 | Queue | Villager (Male) |
| 21:39 | Queue | Archer |
| 21:39 | Queue | Archer |
| 21:40 | Research | Fletching |
| 21:40 | Research | Fletching |
| 21:42 | Queue | Villager (Male) |
| 22:14 | Queue | Archer |
| 22:14 | Queue | Archer |
| 22:16 | Build | Archery Range |
| 22:19 | Queue | Villager (Male) |
| 22:28 | Research | Padded Archer Armor |
| 22:28 | Research | Padded Archer Armor |
| 22:30 | Queue | Villager (Male) |
| 22:42 | Queue | Villager (Male) |
| 22:50 | Build | Archery Range |
| 22:57 | Build | House |
| 23:22 | Queue | Archer |
| 23:22 | Queue | Archer |
| 23:22 | Queue | Archer |
| 23:23 | Queue | Archer |
| 23:23 | Queue | Archer |
| 23:24 | Queue | Villager (Male) |
| 23:35 | Queue | Villager (Male) |
| 23:46 | Queue | Skirmisher |
| 23:46 | Queue | Skirmisher |
| 23:46 | Queue | Skirmisher |
| 23:47 | Queue | Villager (Male) |
| 24:17 | Queue | Archer |
| 24:17 | Queue | Archer |
| 24:17 | Queue | Archer |
| 24:29 | Queue | Skirmisher |
| 24:29 | Queue | Skirmisher |
| 24:32 | Queue | Villager (Male) |
| 24:40 | Queue | Archer |
| 24:41 | Queue | Archer |
| 24:41 | Queue | Archer |
| 24:43 | Build | Farm |
| 24:45 | Queue | Villager (Male) |
| 26:18 | Queue | Skirmisher |
| 26:19 | Queue | Skirmisher |
| 26:19 | Queue | Skirmisher |
| 26:19 | Queue | Skirmisher |
| 26:53 | Build | Settlement |
| 26:53 | Queue | Villager (Male) |
| 27:03 | Queue | Skirmisher |
| 27:04 | Queue | Skirmisher |
| 27:12 | Build | Barracks |
| 27:14 | Research | Tech 1402 |
| 27:19 | Queue | Skirmisher |
Match timeline
| 8:36 | Arthemis · age_up feudal |
| 8:48 | Arthemis · first_building Barracks |
| 16:49 | Arthemis · wall_segment Palisade Wall x1 |
| 16:53 | Arthemis · wall_segment Palisade Wall x1 |
| 16:55 | Arthemis · wall_segment Palisade Wall x1 |
| 16:58 | Arthemis · wall_segment Palisade Wall x1 |
| 17:03 | Arthemis · wall_segment Palisade Wall x1 |
| 17:03 | Snootydoor8937 · first_building Barracks |
| 17:04 | Arthemis · wall_segment Palisade Wall x1 |
| 17:52 | Arthemis · wall_segment Palisade Wall x1 |
| 18:03 | Arthemis · first_building Archery Range |
| 20:07 | Snootydoor8937 · age_up feudal |
| 20:11 | Snootydoor8937 · first_building Archery Range |
| 27:19 | Arthemis · resign |
[ AI ANALYSIS · 1 CREDIT ]
What really happened in this match?
Wolo.gg analyzes every decision: build order, eco, micro, common mistakes by bracket. Personalized analysis on WhatsApp or Discord in 30 seconds.
Civ guide
Georgians
Perfil
Jugador #6103202